 Dungeon Crawl Stone Soup version 0.28-a0-44-gf34e66f (webtiles) character file.

Game seed: 16404653944903097211

30317 Geeful the Fighter (level 13, -7/148 HPs)
             Began as an Ogre Monk on July 25, 2021.
             Was an Elder of the Shining One.
             Killed from afar by a frost giant (20 damage)
             ... with a bolt of cold
             ... in an ice cave on July 28, 2021.
             The game lasted 00:46:49 (13937 turns).

Geeful the Fighter (Ogre Monk)                     Turns: 13937, Time: 00:46:49

Health: -7/148     AC: 14    Str: 19    XL:     13   Next: 50%
Magic:  13/13      EV: 14    Int: 16    God:    the Shining One [****..]
Gold:   751        SH:  0    Dex: 14    Spells: 12/12 levels left

rFire   . . .      SeeInvis .   p - +1 giant spiked club
rCold   + . .      Faith    .   (shield currently unavailable)
rNeg    + + .      Spirit   .   A - +1 steam dragon scales
rPois   +          Reflect  .   t - +2 hat
rElec   .          Harm     .   F - +0 cloak
rCorr   .          Rampage  .   (gloves unavailable)
Will    +....                   (boots unavailable)
Stlth   +.........              C - amulet of Winter {Acrobat rPois Int+5}
HPRegen 0.34/turn               c - +4 ring of protection
MPRegen 0.13/turn               f - ring of protection from cold

@: confused, divinely shielded, ambrosia-drunk, hasted, glowing, very quick
A: large, unfitting armour, tough skin 1
a: Renounce Religion, Divine Shield, Cleansing Flame


You were in an ice cave.
You worshipped the Shining One.
The Shining One was greatly pleased with you.
You visited 2 branches of the dungeon, and saw 13 of its levels.
You also visited: Ice Cave.

You collected 751 gold pieces.

Inventory:

Hand Weapons
 p - a +1 giant spiked club (weapon)
 s - a +0 giant spiked club
Missiles
 e - 79 poisoned darts (quivered)
 h - 7 javelins
 x - a throwing net
 I - 8 large rocks
Armour
 t - a +2 hat (worn)
 A - +1 steam dragon scales (worn)
 F - a +0 cloak (worn)
Jewellery
 c - a +4 ring of protection (left hand)
 f - a ring of protection from cold (right hand)
 j - a ring of willpower
 n - a +4 ring of evasion
 o - an amulet of regeneration
 q - a ring of wizardry
 z - a ring of positive energy
 B - a +4 ring of evasion
 C - the amulet of Winter (around neck) {Acrobat rPois Int+5}
   (You acquired it on level 7 of the Dungeon)

   [amulet of the acrobat]

   It increases your evasion while moving and waiting.
   Int:       It affects your intelligence (+5).
   rPois:     It protects you from poison.
Wands
 k - a wand of flame (16)
 w - a wand of iceblast (14)
 H - a wand of paralysis (7)
Scrolls
 g - 2 scrolls of teleportation
 m - a scroll of summoning
 v - a scroll of enchant armour
 E - a scroll of fog
 L - a scroll of holy word
Potions
 a - 2 potions of magic
 b - 2 potions of attraction
 d - 4 potions of curing
 l - 4 potions of lignification
 r - 4 potions of resistance
 u - a potion of haste
 D - a potion of brilliance {unknown}
 J - a potion of mutation {unknown}
 K - a potion of might {unknown}


   Skills:
 + Level 14.7 Fighting
 + Level 10.8 Maces & Flails
 + Level 11.2 Throwing
 + Level 10.8 Dodging
 - Level 1.4 Stealth


You had 12 spell levels left.
You didn't know any spells.
Your spell library contained the following spells:

 Spells                   Type           Power      Damage    Failure   Level
 Corona                   Hex            0%         N/A       26%         1
 Summon Small Mammal      Summ           0%         N/A       26%         1
 Ensorcelled Hibernation  Hex/Ice        0%         N/A       36%         2
 Poisonous Vapours        Pois/Air       0%         N/A       36%         2
 Slow                     Hex            0%         N/A       36%         2
 Call Canine Familiar     Summ           0%         N/A       58%         3
 Confusing Touch          Hex            0%         N/A       58%         3
 Dazzling Flash           Conj/Hex       0%         N/A       58%         3
 Mephitic Cloud           Conj/Pois/Air  0%         N/A       58%         3
 Stone Arrow              Conj/Erth      0%         3d7       58%         3
 Summon Guardian Golem    Hex/Summ       0%         N/A       58%         3
 Tukima's Dance           Hex            0%         N/A       58%         3
 Vampiric Draining        Necr           0%         2d6       58%         3
 Iskenderun's Mystic Bla  Conj/Tloc      0%         2d3       94%         4
 Bolt of Magma            Conj/Fire/Erth 0%         4d4       100%        5
 Freezing Cloud           Conj/Ice/Air   0%         6-21      100%        5
 Starburst                Conj/Fire      0%         8x6d3     100%        6
 Shatter                  Erth           0%         3d5*      100%        9


Dungeon Overview and Level Annotations

Branches:
Dungeon (12/15)            Temple (1/1) D:5            Lair (0/6) D:11
    Orc (0/2) D:11          IceCv (1/1)

Altars:
Ashenzari
Cheibriados
Dithmenos
Elyvilon
Fedhas
Gozag
Hepliaklqana
Kikubaaqudgha
Makhleb
Nemelex Xobeh
Okawaru
Qazlal
Uskayaw
Vehumet
Wu Jian
Xom
Yredelemnul
Zin
The Shining One
Beogh

Shops:
D:4 [

Annotations:
D:9 1 runed translucent door, SuisLittleHoshiymin's ghost, novice HuFi


Innate Abilities, Weirdness & Mutations

You are too large for most types of armour.
You have tough skin. (AC +1)


Message History

The rime drake closely misses you. The frost giant casts a spell at you.
The bolt of cold hits the rime drake.
The rime drake resists.
The bolt of cold misses you.
You crush the rime drake like a grape!!!
You kill the rime drake!
The frost giant gestures at you while chanting.
The bolt of cold hits you!! You resist.
* * * LOW HITPOINT WARNING * * *
You feel much better. The frost giant casts a spell at you.
The bolt of cold misses you.
The frost giant hits you with a +1 battleaxe of freezing!
* * * LOW HITPOINT WARNING * * *
The frost giant freezes you.
* * * LOW HITPOINT WARNING * * *
Items here: ÷÷÷÷÷ †††.
You feel yourself speed up.
The frost giant hits you with a +1 battleaxe of freezing!!
* * * LOW HITPOINT WARNING * * *
The frost giant freezes you.
* * * LOW HITPOINT WARNING * * *
You thump the frost giant!
The frost giant is moderately wounded.
The frost giant closely misses you.
You sock the frost giant!
The frost giant is moderately wounded.
The frost giant gestures at you while chanting.
The bolt of cold misses you.
You hit the frost giant but do no damage.
The frost giant is moderately wounded.
The frost giant hits you with a +1 battleaxe of freezing!
* * * LOW HITPOINT WARNING * * *
The frost giant freezes you.
* * * LOW HITPOINT WARNING * * *
You are confused.
You feel invigorated.
The frost giant gestures at you while chanting.
The bolt of cold hits you!! You resist.
You die...

###......## ####....##
####..## ###..#
###....# ###....###
###### ###....###
##....### ####....###
...#..Y.#######C@..####
..####...k.#....####
### ####......##
########


You could see a frost giant (poisoned).

Vanquished Creatures
  Josephine (D:11)
  Harold (D:7)
  A hydra (D:12)
  An ogre mage (D:11)
  Erica (D:8)
  5 two-headed ogres
  6 death yaks (IceCv)
  Pikel (D:6)
  2 deep elf pyromancers (D:9)
  A deep elf zephyrmancer (D:9)
  A manticore (D:11)
  An ugly thing (IceCv)
  2 cyclopes (D:11)
  Maurice (D:8)
  An ice statue (IceCv)
  An unseen horror (D:6)
  2 kobold demonologists (D:11)
  Maggie (D:7)
  A komodo dragon (D:10)
  7 rime drakes (IceCv)
  4 trolls
  3 polar bears (IceCv)
  3 hornets
  2 shadows
  A vampire (D:11)
  5 wraiths (D:11)
  12 yaks
  A vampire mosquito (D:11)
  A steam dragon (D:8)
  3 acid dragons
  2 water moccasins
  An ice beast (D:6)
  9 orc warriors
  2 sky beasts (D:5)
  3 black bears
  2 ogres
  2 necrophages (D:6)
  4 centaurs
  9 wolves
  A phantom (D:3)
  5 kobold brigands
  5 bullfrogs
  A gnoll sergeant (D:8)
  3 scorpions
  5 killer bees (D:11)
  2 water moccasin skeletons (D:4)
  5 wights (D:8)
  3 electric eels (D:11)
  3 jellies
  A centaur skeleton (D:6)
  7 centaur zombies
  9 hounds
  7 orc priests
  A bullfrog skeleton (D:6)
  6 orc wizards
  2 iguanas (D:6)
  A killer bee zombie (D:6)
  3 howler monkey zombies
  4 gnolls
  8 adders
  3 white imps
  2 ufetubi
  2 adder skeletons (D:4)
  A worm (D:2)
  A dart slug (D:2)
  33 orcs
  5 ball pythons
  4 bats
  4 endoplasms
  4 giant cockroaches
  3 goblins
  4 hobgoblins
  3 jackals (D:2)
  3 quokkas
  7 frilled lizards
  21 kobolds
  A quokka skeleton (D:4)
  2 rats
292 creatures vanquished.

Vanquished Creatures (others)
  7 fungi (D:4)
  4 plants
11 creatures vanquished.

Grand Total: 303 creatures vanquished

Notes
Turn   | Place    | Note
-------+----------+-------------------------------------------
     0 | D:1      | Geeful the Ogre Monk began the quest for the Orb.
     0 | D:1      | Reached XP level 1. HP: 24/24 MP: 1/1
   517 | D:1      | Reached XP level 2. HP: 32/32 MP: 2/2
  1106 | D:2      | Reached XP level 3. HP: 35/40 MP: 3/3
  1193 | D:2      | Found a shimmering altar of Xom.
  1340 | D:2      | Reached skill level 1 in Throwing
  1396 | D:2      | Reached XP level 4. HP: 47/49 MP: 4/4
  1406 | D:2      | Found a faded altar of an unknown god.
  1753 | D:2      | Reached skill level 5 in Fighting
  2325 | D:3      | Found an iron altar of Okawaru.
  2325 | D:3      | Found a hazy altar of Hepliaklqana.
  2614 | D:4      | Noticed a bullfrog
  2627 | D:4      | Killed a bullfrog
  2628 | D:4      | Reached XP level 5. HP: 40/57 MP: 5/5
  2731 | D:4      | Noticed a phantom
  2743 | D:3      | Killed a phantom
  2744 | D:3      | Reached XP level 6. HP: 66/66 MP: 6/6
  2766 | D:4      | Noticed a black bear
  2804 | D:4      | Killed a black bear
  2805 | D:4      | Reached skill level 6 in Fighting
  2951 | D:4      | Reached XP level 7. HP: 75/75 MP: 7/7
  3086 | D:4      | Found a shadowy altar of Dithmenos.
  3088 | D:4      | Found a stormy altar of Qazlal.
  3091 | D:4      | Found a shimmering altar of Xom.
  3178 | D:4      | Found Zuifraf's Armour Boutique.
  3516 | D:5      | Entered Level 5 of the Dungeon
  3585 | D:5      | Found a staircase to the Ecumenical Temple.
  3617 | Temple   | Entered the Ecumenical Temple
  3669 | Temple   | Became a worshipper of the Shining One
  3669 | Temple   | Reached * piety under the Shining One
  3669 | Temple   | Reached ** piety under the Shining One
  3863 | D:5      | Reached skill level 7 in Fighting
  3863 | D:5      | Reached XP level 8. HP: 87/87 MP: 8/8
  3993 | D:5      | Found a burning altar of Makhleb.
  4298 | D:6      | Reached skill level 5 in Maces & Flails
  4298 | D:6      | Reached skill level 5 in Dodging
  4570 | D:6      | Noticed Pikel
  4592 | D:6      | Killed Pikel
  4593 | D:6      | Reached skill level 8 in Fighting
  4593 | D:6      | Reached skill level 5 in Throwing
  4635 | D:6      | Reached XP level 9. HP: 84/97 MP: 9/9
  4843 | D:6      | Reached skill level 9 in Fighting
  4908 | D:6      | Noticed an unseen horror
  4919 | D:6      | Killed an unseen horror
  5242 | D:7      | Reached *** piety under the Shining One
  5312 | D:7      | Noticed Maggie
  5315 | D:7      | Noticed Harold
  5336 | D:7      | Killed Harold
  5337 | D:7      | Reached skill level 10 in Fighting
  5337 | D:7      | Reached XP level 10. HP: 62/110 MP: 10/10
  5343 | D:7      | Killed Maggie
  5420 | D:7      | Identified a scroll of acquirement
  5420 | D:7      | Acquired the amulet of Winter {Acrobat rPois Int+5}
  6271 | D:8      | Identified the +1 ring mail of Zoraehou {*Slow rElec Dex+4
                  | SInv}
  6315 | D:8      | Noticed Erica
  6326 | D:8      | Killed Erica
  6428 | D:8      | Reached skill level 11 in Fighting
  6619 | D:8      | Noticed Maurice
  6620 | D:8      | Upgraded the game from 0.28-a0-10-g964c8b8 to
                  | 0.28-a0-21-gf74fda8
  6633 | D:8      | Killed Maurice
  6987 | D:9      | Noticed a deep elf pyromancer
  7029 | D:9      | Killed a deep elf pyromancer
  7030 | D:9      | Reached XP level 11. HP: 95/120 MP: 11/11
  7196 | D:9      | Reached **** piety under the Shining One
  7435 | D:9      | Noticed a two-headed ogre
  7445 | D:9      | Killed a two-headed ogre
  7525 | D:9      | Found a runed translucent door.
  7528 | D:9      | Found a shimmering altar of Xom.
  7528 | D:9      | Noticed SuisLittleHoshiymin's ghost (novice HuFi)
  7529 | D:9      | Noticed a +2 scimitar of chaos
  7571 | D:9      | Noticed a deep elf pyromancer
  7580 | D:9      | Killed a deep elf pyromancer
  7912 | D:9      | Noticed a deep elf zephyrmancer
  7920 | D:9      | Killed a deep elf zephyrmancer
  8135 | D:10     | Entered Level 10 of the Dungeon
  8311 | D:9      | Reached skill level 12 in Fighting
  8538 | D:10     | Noticed a two-headed ogre
  8549 | D:10     | Killed a two-headed ogre
  8611 | D:10     | Upgraded the game from 0.28-a0-21-gf74fda8 to
                  | 0.28-a0-35-gd9e24bc
  9215 | D:10     | Paralysed by a hornet for 2 turns
  9462 | D:11     | Noticed a two-headed ogre
  9465 | D:11     | Noticed a cyclops
  9479 | D:11     | Killed a two-headed ogre
  9480 | D:11     | Noticed a cyclops
  9485 | D:11     | Noticed a two-headed ogre
  9487 | D:11     | Killed a cyclops
  9945 | D:10     | Killed a two-headed ogre
  9946 | D:10     | Reached XP level 12. HP: 73/133 MP: 8/12
 10235 | D:11     | Noticed an ogre mage
 10302 | D:11     | Reached skill level 13 in Fighting
 10316 | D:11     | Noticed a two-headed ogre
 10341 | D:11     | Killed a two-headed ogre
 10930 | D:11     | Killed an ogre mage
 10931 | D:11     | Reached skill level 10 in Throwing
 11017 | D:11     | Found a staircase to the Lair.
 11065 | D:11     | Noticed Josephine
 11074 | D:11     | Killed Josephine
 11247 | D:11     | Reached skill level 10 in Maces & Flails
 11247 | D:11     | Reached skill level 10 in Dodging
 11499 | D:11     | Reached ***** piety under the Shining One
 11770 | D:11     | Found a staircase to the Orcish Mines.
 11985 | D:12     | Noticed a four-headed hydra
 11996 | D:12     | Killed a four-headed hydra
 12039 | D:12     | Found a frozen archway.
 12048 | IceCv    | Entered an ice cave
 12055 | IceCv    | Reached skill level 14 in Fighting
 12080 | IceCv    | Reached XP level 13. HP: 54/146 MP: 8/13
 13484 | IceCv    | Upgraded the game from 0.28-a0-35-gd9e24bc to
                  | 0.28-a0-44-gf34e66f
 13895 | IceCv    | Noticed a frost giant
 13937 | IceCv    | Killed from afar by a frost giant

Illustrated notes

Levels and vault maps discovered:
D:1:      lemuel_arrival_room, layout_basic, minmay_lizard_king
D:2:      layout_basic, basic_altar, ebering_ecumenical_altar_box,
          guppyfry_early_lair_pool
D:3:      layout_basic, mainiacjoe_overflow_divided_tiny
D:4:      layout_rooms, minitemple, serial_shops, kennysheep_little_box,
          serial_aquarium, aquarium_bridge_long_separate
          [aquarium_subvault_bridge, aquarium_subvault_wall,
          aquarium_subvault_wall, aquarium_subvault_wall,
          aquarium_subvault_bridge, aquarium_subvault_bridge],
          aquarium_window_corridor_1, aquarium_window_2, aquarium_view_2c
D:5:      layout_basic, mainiacjoe_overflow_brackets, temple_doors_e
D:6:      wad_guarded_room, layout_loops_ring, minmay_misc_feat_hallway,
          minmay_fractal_squares_gapless_5, uniq_pikel
D:7:      layout_basic, minmay_hedge_maze, uniq_harold, uniq_maggie
D:8:      layout_basic, kennysheep_opposing_triangles, uniq_erica, uniq_maurice
D:9:      layout_rooms, ebering_ghost_xom, minmay_misc_feat_rugged,
          guppyfry_early_elven_hall
D:10:     layout_irregular_city
D:11:     cheibrodos_ideogram_h, layout_gridville, erik_lair_island,
          david_orc_5, minmay_misc_feat_nine_boxes, grunt_decor_arrowhead,
          uniq_josephine
D:12:     minmay_connected_boxes_in_corner, layout_basic,
          portal_ice_cave_entry_pillars_1, nicolae_dithmenos_shadow_blocks
Temple:   nicolae_temple_elliptical
IceCv:    ice_cave_small_giant

Skill      XL: |  1  2  3  4  5  6  7  8  9 10 11 12 13 |
---------------+----------------------------------------+-----
Dodging        | 3 4 5 7 8 9 10 | 10.8
Maces & Flails | 3 4 5 7 8 9 10 | 10.8
Throwing       | 1 2 3 5 6 8 9 10 11 | 11.2
Fighting       | 5 6 7 8 10 11 12 14 | 14.7
Stealth        | |  1.4

Action                   |  1- 3 |  4- 6 |  7- 9 | 10-12 | 13-15 || total
-------------------------+-------+-------+-------+-------+-------++-------
Melee: Mace              |    71 |       |       |       |       ||    71
       Morningstar       |    34 |   109 |    18 |       |       ||   161
       Giant club        |       |       |    24 |       |       ||    24
       Giant spiked club |       |       |   123 |   454 |   117 ||   694
Throw: Dart              |       |    11 |    31 |    61 |    35 ||   138
       Large rock        |       |       |       |       |     2 ||     2
Invok: Divine Shield     |       |       |       |     5 |     4 ||     9
       Cleansing Flame   |       |       |       |     1 |       ||     1
Evoke: Wand              |       |       |       |    12 |     3 ||    15
  Use: Scroll            |     2 |     3 |     7 |    14 |       ||    26
       Potion            |       |       |       |       |     3 ||     3
 Stab: Sleeping          |     1 |       |       |       |       ||     1
Armor: Robe              |    50 |    76 |    61 |    17 |       ||   204
       Steam dragon scal |       |       |       |   243 |    36 ||   279
Dodge: Dodged            |    53 |   121 |   194 |   671 |    85 ||  1124
Block: Other             |       |       |       |    20 |     8 ||    28

Table legend: (Time is in decaauts)
 A = Elapsed time spent in this place.
 B = Non-inter-level travel time spent in this place.
 C = Inter-level travel time spent in this place.
 D = Time resting spent in this place.
 E = Time spent auto-exploring this place.
 F = Levels seen in this place.
 G = Mean time per level.
                   A        B        C        D        E       F      G
               +--------+--------+--------+--------+--------+-----+--------+
         Total |  14263 |  14050 |    213 |   2349 |   8463 |  14 | 1018.8 |
       Dungeon |  12259 |  12082 |    177 |   1109 |   8321 |  12 | 1021.6 |
        Temple |     88 |     52 |     36 |      0 |     48 |   1 |   88.0 |
      Ice Cave |   1915 |   1915 |      0 |   1240 |     94 |   1 | 1915.0 |
               +--------+--------+--------+--------+--------+-----+--------+

Top non-repeatable levels by time:
     D:9: 1960 daAuts
   IceCv: 1915 daAuts
    D:11: 1755 daAuts
    D:10: 1466 daAuts
     D:8: 1106 daAuts
     D:1: 1072 daAuts
     D:6: 1014 daAuts
     D:2: 976 daAuts
     D:4: 913 daAuts
     D:5: 660 daAuts
     D:7: 637 daAuts
     D:3: 625 daAuts
  Temple: 88 daAuts
    D:12: 71 daAuts
